 Dungeon Sprint DCSS version 0.28-a0-239-g68911e0c57 (webtiles) character file.

Game seed: 7056826339074255672

340260 MikeHunt the End of an Era (level 21, -6/204 HPs)
             Began as a Demonspawn Gladiator on Aug 23, 2021.
             Was the Champion of Qazlal.
             Mangled by Ignacio (8 damage)
             ... in the Dungeon (Sprint VII: "The Pits").
             The game lasted 01:03:35 (12135 turns).

MikeHunt the End of an Era (Demonspawn Gladiator)  Turns: 12135, Time: 01:03:36

Health: -6/204     AC: 47    Str: 23    XL:     21   Next: 37%
Magic:  47/47      EV: 25    Int: 10    God:    Qazlal [******]
Gold:   182        SH: 39    Dex: 21    Spells: 21/40 levels left

rFire   + + .      SeeInvis +   a - +9 broad axe (vorpal)
rCold   + . .      Faith    .   H - +5 tower shield
rNeg    + . .      Spirit   .   s - +2 gold dragon scales
rPois   +          Reflect  .   (helmet unavailable)
rElec   +          Harm     .   G - +2 cloak {Stlth+}
rCorr   +          Rampage  .   y - +4 pair of gloves
Will    +....      Rnd*Rage +   m - +0 pair of boots of Gulianu {MP+9 Int+2} Stlth ..........NoTele +
                                z - amulet of the Duchess {Regen+ rCorr}
HPRegen 1.44/turn               A - ring "Hacetwu" {rC+ rN+ Str+5 Int-4 Dex+2}
MPRegen 0.30/turn               F - ring "Jicey" {Fire Drain rElec Dex+2 Slay+3}

@: agile, protected from physical damage, studying Summonings, repel missiles,
unable to read
A: antennae 3, icy blue scales 2, powered by pain 3, augmentation 1, demonic
magic 2, berserk 1, clumsy 1, mutation resistance 1, screaming 1, inability to
read while threatened
}: 1/3 runes: silver
a: Renounce Religion, Upheaval, Elemental Force, Disaster Area


You were in the Dungeon.
You worshipped Qazlal.
Qazlal was exalted by your worship.
You visited 1 branch You collected 182 gold pieces.

Inventory:

Hand Weapons
 a - a +9 vorpal broad axe (weapon)
 l - a +9 broad axe
Missiles
 d - 3 throwing nets
Armour
 b - a +1 tower shield
 c - the +0 pair of gloves of Oditza Nehu {*Corrode Regen+ Int+4}
   (You found it in the Dungeon)

   Int:       It affects your intelligence (+4).
   Regen:     It increases your rate of health regeneration.
   *Corrode:  It may corrode you when you take damage.
 m - the +0 pair of boots of Gulianu (worn) {MP+9 Int+2}
   (You found it in the Dungeon)

   Int:       It affects your intelligence (+2).
   MP:        It affects your magic capacity (+9).
 n - +7 fire dragon scales
 s - +2 gold dragon scales (worn)
 y - a +4 pair of gloves (worn)
 G - a +2 cloak of stealth (worn)
 H - a +5 tower shield (worn)
 L - the +0 hat of the Morning {Str+6}
   (You found it in the Dungeon)

   Str:       It affects your strength (+6).
Jewellery
 z - the amulet of the Duchess (around neck) {Regen+ rCorr}
   (You found it in the Dungeon)

   [amulet of regeneration]

   Regen:     It increases your rate of health regeneration.
   rCorr:     It protects you from acid and corrosion.
 A - the ring "Hacetwu" (left hand) {rC+ rN+ Str+5 Int-4 Dex+2}
   (You found it in the Dungeon)

   [ring of positive energy]

   Str:       It affects your strength (+5).
   Int:       It affects your intelligence (-4).
   Dex:       It affects your dexterity (+2).
   rC:        It protects you from cold.
   rN:        It protects you from negative energy.
 B - the amulet "Luga" {RegenMP rC+ Slay+3}
   (You found it in the Dungeon)

   [amulet of magic regeneration]

   It increases your rate of magic regeneration.
   Slay:      It affects your accuracy & damage with ranged weapons and melee
   (+3).
   rC:        It protects you from cold.
 F - the ring "Jicey" (right hand) {Fire Drain rElec Dex+2 Slay+3}
   (You found it in the Dungeon)

   [ring of fire]

   It enhances your fire magic.
   Dex:       It affects your dexterity (+2).
   Slay:      It affects your accuracy & damage with ranged weapons and melee
   (+3).
   rF:        It protects you from fire.
   rC:        It makes you vulnerable to cold.
   rElec:     It insulates you from electricity.
   Drain:     It drains your maximum health when unequipped.
 M - a ring of see invisible
Wands
 j - a wand of charming (14)
 C - a wand of digging (3)
Scrolls
 t - a scroll of blinking
 u - 3 scrolls of fog
 w - 2 scrolls of fear
 x - 3 scrolls of identify
Potions
 e - 10 potions of curing
 f - 13 potions of heal wounds
 g - 9 potions of haste
 h - 8 potions of magic
 i - 4 potions of berserk rage
 o - 6 potions of brilliance
 p - 7 potions of resistance
 q - 7 potions of mutation
 v - a potion of might
 D - a potion of ambrosia
 J - 2 potions of flight
 K - 2 potions of lignification {unknown}
Miscellaneous
 k - a piece from Xom's chessboard (15/15)
 r - the horn of Geryon (inert)
 I - a tin of tremorstones (2/2)


   Skills:
 O Level 27 Fighting
 - Level 24.9 Axes
 - Level 1.7 Throwing
 O Level 27 Armour
 O Level 27 Dodging
 - Level 25.0 Shields
 - Level 10.0 Spellcasting
 - Level 19.6 Translocations
 + Level 22.6 Earth Magic
 O Level 27 Invocations
 - Level 26.1 Evocations


You had 21 spell levels left.
You knew the following spells:

 Your Spells              Type           Power      Damage    Failure   Level
a - Shatter               Erth           25%        3d21*     100%        9
q - Blink                 Tloc           N/A        N/A       1%          2
r - Lesser Beckoning      Tloc           22%        N/A       1%          3
w - Manifold Assault      Tloc           44%        N/A       1%          5

Your spell library contained the following spells:

 Spells                   Type           Power      Damage    Failure   Level
 Passwall                 Tmut/Erth      22%        N/A       1%          2
 Lee's Rapid Deconstruct  Erth           25%        3d15*     1%          5
 Leda's Liquefaction      Hex/Erth       13%        N/A       11%         4
 Iskenderun's Mystic Bla  Conj/Tloc      24%        2d7       21%         4
 Borgnjor's Vile Clutch   Necr/Erth      13%        N/A       28%         5
 Corona                   Hex            5%         N/A       73%         1
 Shock                    Conj/Air       20%        1d4       73%         1
 Statue Form              Tmut/Erth      18%        N/A       85%         6
 Call Imp                 Summ           5%         N/A       86%         2
 Corpse Rot               Necr/Air       N/A        N/A       86%         2
 Ensorcelled Hibernation  Hex/Ice        10%        N/A       86%         2
 Slow                     Hex            5%         N/A       86%         2
 Static Discharge         Conj/Air       5%         N/A       86%         2
 Wereblood                Tmut           5%         N/A       86%         2
 Confusing Touch          Hex            5%         N/A       97%         3
 Dazzling Flash           Conj/Hex       10%        N/A       97%         3
 Ozocubu's Armour         Ice            5%         N/A       97%         3
 Summon Guardian Golem    Hex/Summ       5%         N/A       97%         3
 Vampiric Draining        Necr           2%         2d6       97%         3
 Animate Dead             Necr           2%         N/A       100%        4
 Dispel Undead            Necr           5%         3d7       100%        4
 Fulminant Prism          Conj/Hex       2%         3d6       100%        4
 Olgreb's Toxic Radiance  Pois           5%         N/A       100%        4
 Sticky Flame             Conj/Fire      7%         2d3       100%        4
 Summon Ice Beast         Ice/Summ       5%         N/A       100%        4
 Alistair's Intoxication  Tmut/Pois      3%         N/A       100%        5
 Excruciating Wounds      Necr           2%         N/A       100%        5
 Metabolic Englaciation   Hex/Ice        2%         N/A       100%        5
 Conjure Ball Lightning   Conj/Air       2%         3x3d6     100%        6
 Eringya's Noxious Bog    Tmut/Pois      2%         N/A       100%        6
 Simulacrum               Ice/Necr       2%         N/A       100%        6
 Starburst                Conj/Fire      3%         6d3       100%        6
 Haunt                    Necr/Summ      2%         N/A       100%        7
 Ozocubu's Refrigeration  Ice            2%         4d5       100%        7
 Storm Form               Tmut/Air       2%         N/A       100%        7
 Discord                  Hex            2%         N/A       100%        8
 Ignition                 Fire           3%         3d4       100%        8
 Necromutation            Tmut/Necr      2%         N/A       100%        8
 Polar Vortex             Ice            2%         N/A       100%        9


Dungeon Overview and Level Annotations

Branches:
Dungeon (1/1)

Altars:
Ashenzari
Cheibriados
Dithmenos
Elyvilon
Fedhas
Gozag
Hepliaklqana
Kikubaaqudgha
Makhleb
Nemelex Xobeh
Okawaru
Qazlal
Ru
Sif Muna
Trog
Uskayaw
Vehumet
Wu Jian
Xom
Yredelemnul
Zin
The Shining One
Beogh
Jiyva
Lugonu

Annotations:
D Ignacio


Innate Abilities, Weirdness & Mutations

You have a pair of large antennae on your head. (SInv)
You are mostly covered in icy blue scales. (AC +3)
You are powered by pain.
Your magical and physical power is slightly enhanced at high health.
Spells you cast may paralyse nearby enemies.
You tend to lose your temper in combat.
You are clumsy. (Dex -2)
You are somewhat resistant to further mutation.
You occasionally shout uncontrollably at your foes.
You sometimes lose the ability to read scrolls when taking damage.


Message History

Your body is wracked with pain!
You feel threatened and lose the ability to read scrolls!
You are too injured to fight recklessly!
You are too injured to fight recklessly!
You are too injured to fight recklessly!
Ignacio gestures at you.
Your body is wracked with pain!
* * * LOW HITPOINT WARNING * * *
A purple draconian stormcaller comes into view.
It is wielding a +0 long sword.
Ignacio exclaims, "Oh yes!
We are going to have fun!"
Ignacio gestures at you.
You barely resist.
You block Ignacio's attack. x3; Ignacio completely misses you.
Ignacio hits you but does no damage.
You writhe in agony.
* * * LOW HITPOINT WARNING * * *
Ignacio barely misses you.
Ignacio hits you with a +8 executioner's axe of pain!
* * * LOW HITPOINT WARNING * * *
You feel more protected from physical attacks.
Ignacio closely misses you.
You produce a hideous howling noise!
Ignacio hits you but does no damage.
You writhe in agony.
* * * LOW HITPOINT WARNING * * *
Ignacio hits your hell beast with a +8 executioner's axe of pain!
You block Ignacio's attack.
Ignacio hits your hell beast with a +8 executioner's axe of pain!
You block Ignacio's attack.
Ignacio hits your hell beast with a +8 executioner's axe of pain!!
You block Ignacio's attack.
Ignacio hits your hell beast with a +8 executioner's axe of pain!
Ignacio hits you with a +8 executioner's axe of pain!!
* * * LOW HITPOINT WARNING * * *
You focus on the pain.
You feel agile all of a sudden.
You feel more protected from physical attacks.
Ignacio hits your hell beast with a +8 executioner's axe of pain!
Ignacio hits you with a +8 executioner's axe of pain!
* * * LOW HITPOINT WARNING * * *
You writhe in agony!
You die...

{ {{{ { { ###{ { {
##.###.## #...'...# { {
##q##'.## { #2# ### { {{{
##1###.## { #..@'2..#
{###{ #2.##ยง.###+# #[#
### ###.###.#'# #.#
###)###.###.###.###.###'#
#"[.)'...'...'.).)...##.##
##'"##'.##'.##'.##.[##).)#
#.#"#.###.###.###)##''.[.#
###### ## ## ## ####)##
#######################.#


You could see Ignacio (fast, ally target), a purple draconian stormcaller and 3
friendly hell beasts.

Vanquished Creatures
  A pandemonium lord (D)
  Dissolution (D)
  2 orbs of fire (D)
  Khufu (D)
  3 ancient liches (D)
  Mara (D)
  Mennas (D)
  Boris (D)
  6 royal mummies (D)
  3 Killer Klowns (D)
  Saint Roka (D)
  Margery (D)
  the Lernaean hydra (D)
  3 curse toes (D)
  A golden dragon (D)
  Nikola (D)
  Geryon (D)
  Jory (D)
  A pearl dragon (D)
  2 Tzitzimimeh (D)
  7 electric golems (D)
  2 Brimstone Fiends (D)
  A hellephant (D)
  2 Hell Sentinels (D)
  4 tentacled monstrosities (D)
  A lich (D)
  4 Ice Fiends (D)
  25 Orb Guardians (D)
  2 deep elf master archers (D)
  6 titans (D)
  2 deep elf blademasters (D)
  2 Executioners (D)
  2 sphinxes (D)
  A rockslime (D)
  An acid blob (D)
  5 shadow dragons (D)
  4 nagarajas (D)
  5 storm dragons (D)
  3 fire giants (D)
  A frost giant (D)
  2 draconian monks (D)
  An azure jelly (D)
  2 deep elf sorcerers (D)
  A cacodemon (D)
  A draconian knight (D)
  4 iron dragons (D)
  A balrug (D)
  A draconian scorcher (D)
  4 ghouls (D)
  Louise (D)
  2 orc warlords (D)
  2 draconian annihilators (D)
  2 angels (D)
  2 reapers (D)
  2 green draconians (D)
  2 apis (D)
  An ophan (D)
  2 black draconians (D)
  A lorocyproca (D)
  2 deep elf annihilators (D)
  3 deep elf demonologists (D)
  3 white draconians (D)
  2 purple draconians (D)
  A dire elephant (D)
  3 red draconians (D)
  A yellow draconian (D)
  2 deep elf death magi (D)
  4 blizzard demons (D)
  A merfolk javelineer (D)
  2 green deaths (D)
  An ettin (D)
  2 fire dragons (D)
  3 deep elf high priests (D)
  A yaktaur captain (D)
  A hell beast (D)
  A great orb of eyes (D)
  A rakshasa (D)
  2 ice dragons (D)
  A hydra (D)
  An ogre mage (D)
  A naga warrior (D)
  21 vault guards (D)
  An alligator snapping turtle (D)
  2 catoblepae (D)
  A death knight (D)
  Erica (D)
  A spriggan air mage (D)
  2 iron elementals (D)
  A dancing weapon (D)
  6 death yaks (D)
  2 vampire magi (D)
  2 spriggan berserkers (D)
  23 hell knights (D)
  A soul eater (D)
  4 deep elf knights (D)
  Sonja (D)
  2 fire crabs (D)
  2 sun demons (D)
  A shadow wraith (D)
  A sixfirhy (D)
  A death drake (shapeshifter) (D)
  A death drake (D)
  2 iron trolls (D)
  A cherub (D)
  2 bog bodies (D)
  A deep troll (D)
  A sea snake (D)
  A swamp dragon (D)
  12 necromancers (D)
  9 wizards (D)
  Pikel (D)
  12 orc knights (D)
  A deep elf pyromancer (D)
  2 deep elf zephyrmancers (D)
  An ugly thing (D)
  A moth of wrath (D)
  2 elephants (D)
  2 wolf spiders (D)
  3 manticores (D)
  Joseph (D)
  2 guardian serpents (D)
  2 rust devils (D)
  An orange demon (D)
  3 naga magi (D)
  A molten gargoyle (D)
  A gargoyle (D)
  A cane toad (D)
  4 kobold demonologists (D)
  2 hellions (D)
  An unseen horror (D)
  3 demonic crawlers (D)
  A komodo dragon (D)
  2 tormentors (D)
  A freezing wraith (D)
  An efreet (D)
  A hellwing (D)
  2 yaktaurs (D)
  4 trolls (D)
  A snapping turtle (D)
  4 merfolk (D)
  7 blink frogs (D)
  2 flying skulls (D)
  6 yaks (D)
  2 shadows (D)
  8 redbacks (D)
  A tarantella (D)
  A vampire (D)
  8 humans (D)
  A golden eye (D)
  A steam dragon (D)
  A chaos spawn (D)
  A naga (D)
  3 wargs (D)
  A large abomination (D)
  4 hell hounds (D)
  2 swamp drakes (D)
  2 floating eyes (D)
  5 orc warriors (D)
  An ice beast (shapeshifter) (D)
  An ice beast (D)
  2 necrophages (D)
  5 wolves (D)
  2 lemures (D)
  2 kobold brigands (D)
  2 earth elementals (D)
  A gnoll sergeant (D)
  4 wights (D)
  A crimson imp (D)
  A gnoll shaman (D)
  2 iron imps (D)
  2 orc priests (D)
  4 orc wizards (D)
  A mummy (D)
  7 gnolls (D)
  2 adders (D)
  A white imp (D)
  An adder skeleton (D)
  A dart slug (shapeshifter) (D)
  10 orcs (D)
  2 ball pythons (D)
  A bat skeleton (D)
  2 endoplasms (D)
  4 giant cockroaches (D)
  A goblin (D)
  A ball python zombie (D)
  8 kobolds (D)
  A quokka skeleton (D)
  A rat (D)
486 creatures vanquished.

Vanquished Creatures (collateral kills)
  Aizul (D)
  An anaconda (D)
2 creatures vanquished.

Vanquished Creatures (others)
  An Orb Guardian (D)
1 creature vanquished.

Grand Total: 489 creatures vanquished

Notes
Turn   | Place    | Note
-------+----------+-------------------------------------------
     0 | D        | MikeHunt the Demonspawn Gladiator began the quest for the
                  | Orb.
     0 | D        | Reached XP level 1. HP: 16/16 MP: 1/1
     8 | D        | Noticed a floating eye
    10 | D        | Paralysed by a floating eye for 4 turns
    14 | D        | Killed a floating eye
    15 | D        | Gained mutation: You have a pair of small antennae on your
                  | head. [demonic ancestry]
    15 | D        | Reached XP level 2. HP: 22/22 MP: 2/2
    15 | D        | Gained mutation: Spells you cast may paralyse adjacent
                  | enemies. [demonic ancestry]
    15 | D        | Reached XP level 3. HP: 27/27 MP: 3/3
    15 | D        | Reached XP level 4. HP: 33/33 MP: 4/4
    18 | D        | Found a bloodstained altar of Trog.
    18 | D        | Found a shimmering blue altar of Sif Muna.
    18 | D        | Found a viscous altar of Jiyva.
    18 | D        | Found a hazy altar of Hepliaklqana.
    18 | D        | Found an opulent altar of Gozag.
    19 | D        | Found a basalt altar of Yredelemnul.
    19 | D        | Found a shimmering altar of Xom.
    19 | D        | Found an ornate altar of the Wu Jian Council.
    19 | D        | Found a sacrificial altar of Ru.
    19 | D        | Found a stormy altar of Qazlal.
    19 | D        | Found an iron altar of Okawaru.
    19 | D        | Found a sparkling altar of Nemelex Xobeh.
    19 | D        | Found a burning altar of Makhleb.
    19 | D        | Found a blossoming altar of Fedhas.
    19 | D        | Found a shadowy altar of Dithmenos.
    19 | D        | Found a snail-covered altar of Cheibriados.
    20 | D        | Found a radiant altar of Vehumet.
    20 | D        | Found a corrupted altar of Lugonu.
    21 | D        | Found a hide-covered altar of Uskayaw.
    21 | D        | Found an ancient bone altar of Kikubaaqudgha.
    21 | D        | Found a broken altar of Ashenzari.
    24 | D        | Became a worshipper of Qazlal Stormbringer
    57 | D        | Reached * piety under Qazlal
    68 | D        | Reached ** piety under Qazlal
   123 | D        | Noticed a flying skull
   141 | D        | Reached XP level 5. HP: 24/38 MP: 2/7
   141 | D        | Reached *** piety under Qazlal
   142 | D        | Reached skill level 1 in Armour
   145 | D        | Noticed a flying skull
   156 | D        | Killed a flying skull
   157 | D        | Reached skill level 5 in Fighting
   157 | D        | Reached XP level 6. HP: 47/51 MP: 3/11
   219 | D        | Reached skill level 10 in Axes
   221 | D        | Reached **** piety under Qazlal
   261 | D        | Killed a flying skull
   262 | D        | Reached skill level 5 in Armour
   262 | D        | Gained mutation: You have a pair of antennae on your head.
                  | [demonic ancestry]
   262 | D        | Reached XP level 7. HP: 45/59 MP: 11/13
   445 | D        | Reached ***** piety under Qazlal
   487 | D        | Noticed an elephant
   487 | D        | Noticed an orc knight
   487 | D        | Noticed a troll
   491 | D        | Killed a troll
   492 | D        | Reached skill level 10 in Invocations
   492 | D        | Gained mutation: You sometimes gain a little power by
                  | taking damage. [demonic ancestry]
   492 | D        | Reached XP level 8. HP: 68/68 MP: 2/15
   500 | D        | Killed an orc knight
   515 | D        | Killed an elephant
   516 | D        | Reached XP level 9. HP: 54/76 MP: 17/17
   704 | D        | Noticed a manticore
   705 | D        | Noticed a demonic crawler
   707 | D        | Reached ****** piety under Qazlal
   710 | D        | Killed a demonic crawler
   714 | D        | Killed a manticore
   715 | D        | Reached skill level 10 in Fighting
   848 | D        | Noticed a freezing wraith
   848 | D        | Noticed Sonja
   849 | D        | Noticed an efreet
   854 | D        | Noticed a kobold demonologist
   856 | D        | Killed an efreet
   859 | D        | Killed a freezing wraith
   863 | D        | Killed a kobold demonologist
   864 | D        | Killed Sonja
   865 | D        | Gained mutation: You sometimes gain power by taking damage.
                  | [demonic ancestry]
   865 | D        | Reached XP level 10. HP: 60/87 MP: 4/20
  1078 | D        | Noticed Pikel
  1085 | D        | Reached skill level 10 in Armour
  1087 | D        | Killed Pikel
  1282 | D        | Reached skill level 15 in Invocations
  1521 | D        | Noticed a gargoyle
  1521 | D        | Noticed a great orb of eyes
  1526 | D        | Noticed a sea snake
  1533 | D        | Killed a gargoyle
  1534 | D        | Killed a great orb of eyes
  1535 | D        | Gained mutation: You are partially covered in icy blue
                  | scales. (AC +2) [demonic ancestry]
  1535 | D        | Reached XP level 11. HP: 75/96 MP: 13/22
  1536 | D        | Killed a sea snake
  1804 | D        | Noticed a catoblepas
  1809 | D        | Noticed a sun demon
  1843 | D        | Killed a catoblepas
  2039 | D        | Got the ring "Hacetwu" {rC+ rN+ Str+5 Int-4 Dex+2}
  2053 | D        | Learned a level 5 spell: Manifold Assault
  2114 | D        | Reached skill level 15 in Axes
  2134 | D        | Reached skill level 1 in Translocations
  2212 | D        | Noticed a deep elf pyromancer
  2225 | D        | Killed a deep elf pyromancer
  2239 | D        | Noticed a deep elf zephyrmancer
  2241 | D        | Killed a deep elf zephyrmancer
  2242 | D        | Noticed a deep elf zephyrmancer
  2245 | D        | Killed a deep elf zephyrmancer
  2245 | D        | Noticed a deep elf knight
  2250 | D        | Killed a deep elf knight
  2251 | D        | Reached XP level 12. HP: 85/108 MP: 0/25
  2335 | D        | Noticed Joseph
  2338 | D        | Noticed Saint Roka
  2346 | D        | Killed Joseph
  2370 | D        | Killed Saint Roka
  2371 | D        | Reached skill level 15 in Fighting
  2805 | D        | Noticed a deep elf high priest
  2805 | D        | Noticed an angel
  2805 | D        | Noticed a death yak
  2806 | D        | Noticed a death knight
  2806 | D        | Noticed a death yak
  2808 | D        | Killed a deep elf high priest
  2808 | D        | Killed a death yak
  2809 | D        | Killed a death yak
  2817 | D        | Killed an angel
  2817 | D        | Killed a death knight
  3068 | D        | Got Sif Muna's Reference Book on the Doomed Snowflakes
  3070 | D        | Got Jaddomug's Handbook of the Gliding Snowflakes
  3151 | D        | Noticed an alligator snapping turtle
  3174 | D        | Killed an alligator snapping turtle
  3254 | D        | Reached XP level 13. HP: 102/117 MP: 10/26
  3271 | D        | Noticed a nagaraja
  3295 | D        | HP: 1/117 [nagaraja/bolt of poison (11)]
  3296 | D        | Killed a nagaraja
  3647 | D        | Noticed a green death
  3650 | D        | Killed a green death
  3985 | D        | Noticed a deep elf blademaster
  3999 | D        | Killed a deep elf blademaster
  4000 | D        | Reached skill level 15 in Armour
  4120 | D        | Noticed Erica
  4125 | D        | Killed Erica
  4322 | D        | Reached skill level 10 in Translocations
  4719 | D        | Noticed an orc warlord
  4720 | D        | Noticed an orc warlord
  4982 | D        | Noticed a blizzard demon
  4989 | D        | Killed a blizzard demon
  4990 | D        | Reached skill level 1 in Shields
  5172 | D        | Gained mutation: You are powered by pain. [demonic
                  | ancestry]
  5172 | D        | Reached XP level 14. HP: 104/128 MP: 10/28
  5519 | D        | Killed an orc warlord
  5634 | D        | Reached skill level 5 in Dodging
  5649 | D        | Killed an orc warlord
  6378 | D        | Noticed Jory
  6380 | D        | Noticed a fire giant
  6385 | D        | Killed Jory
  6388 | D        | Noticed a fire giant
  6417 | D        | Killed a fire giant
  6423 | D        | Killed a fire giant
  6586 | D        | Noticed Aizul
  6586 | D        | Noticed a ghoul
  6598 | D        | Killed Aizul
  6611 | D        | Killed a ghoul
  6614 | D        | Reached skill level 15 in Dodging
  6621 | D        | Noticed a reaper
  6629 | D        | Killed a reaper
  6957 | D        | Noticed a ghoul
  6961 | D        | Noticed a ghoul
  6979 | D        | Killed a ghoul
  6989 | D        | Killed a ghoul
  7136 | D        | Gained mutation: Spells you cast may paralyse nearby
                  | enemies. [demonic ancestry]
  7136 | D        | Reached XP level 15. HP: 120/135 MP: 30/30
  7234 | D        | Noticed a deep elf master archer
  7235 | D        | Reached skill level 1 in Spellcasting
  7237 | D        | Killed a deep elf master archer
  7372 | D        | Reached skill level 5 in Spellcasting
  7459 | D        | Identified the +4 scale mail "Agon" {Dex+2}
  7541 | D        | Noticed a nagaraja
  7542 | D        | Noticed an Ice Fiend
  7553 | D        | Killed a nagaraja
  7563 | D        | Killed an Ice Fiend
  7995 | D        | Got the +0 hat of the Morning {Str+6}
  8005 | D        | Got the +0 pair of boots of Gulianu {MP+9 Int+2}
  8043 | D        | Got the +0 pair of gloves of Oditza Nehu {*Corrode Regen+
                  | Int+4}
  8193 | D        | Noticed Boris
  8217 | D        | Killed Boris
  8218 | D        | Reached skill level 10 in Spellcasting
  8237 | D        | Reached skill level 15 in Translocations
  8339 | D        | Noticed a nagaraja
  8346 | D        | Killed a nagaraja
  8350 | D        | Noticed a lich
  8356 | D        | Killed a lich
  8370 | D        | Noticed a hellephant
  8370 | D        | Noticed a deep elf sorcerer
  8376 | D        | Killed a deep elf sorcerer
  8376 | D        | Killed a hellephant
  8377 | D        | Reached XP level 16. HP: 146/146 MP: 19/33
  8381 | D        | Noticed an ancient lich
  8419 | D        | Killed an ancient lich
  8642 | D        | Got the Reference Book on the Oath
  8644 | D        | Got the Handbook of the Barracuda
  8651 | D        | Got the Reference Book on Earthen Companions
  8656 | D        | Got Danic's Handbook of Evil
  8663 | D        | Got Sif Muna's Disquisition on Enthralling Shape Shifting
  8673 | D        | Got the Handbook of Evil Rites and Arcane Weapons
  8696 | D        | Got the amulet "Quggas" {Reflect MP+9 Int+4 SH+5}
  8699 | D        | Got the amulet of Ovietsowk {Reflect Rampage Dex+3 SH+5}
  8702 | D        | Got the amulet of Huczul {RegenMP Harm rElec Int+2 Slay-5}
  8705 | D        | Got the ring of Zaeqe {Ice MP+9 Int+3}
  8707 | D        | Got the amulet of Qulunt {Spirit Will+}
  8709 | D        | Got the amulet of Harigu {Faith Drain rPois Dex+3}
  8716 | D        | Got the amulet of the Duchess {Regen+ rCorr}
  8741 | D        | Got the ring of Jewaenec {rCorr Dex+4}
  8744 | D        | Got the amulet "Keettos" {Reflect Int+3 SH+5}
  8747 | D        | Got the amulet "Luga" {RegenMP rC+ Slay+3}
  8749 | D        | Got the amulet "Moroarph" {Spirit Dex+3}
  8752 | D        | Got the amulet of Zumm {Spirit rF+}
  8755 | D        | Got the amulet "Cechigiu" {Faith rElec}
  8788 | D        | Got the ring of Division {rElec rN+ Will- Int+6 SInv}
  8791 | D        | Got the ring "Toph" {Int+6 Dex+4}
  8794 | D        | Got the ring of Saxoo {rPois rN+++ rCorr Int-3 Dex+6}
  8797 | D        | Got the ring "Qiatak" {rC+ rN+ Stlth+}
  8800 | D        | Got the ring of Due Proportion {rCorr Int+6}
  8803 | D        | Got the ring "Jicey" {Fire Drain rElec Dex+2 Slay+3}
  8806 | D        | Got the ring "Xoogrogg" {Fire Will+ rCorr Str+2 Dex-2}
  8809 | D        | Got the ring of Peorit {Ice rElec Will- SInv}
  8812 | D        | Got the ring of Eternal Harmony {rF- rC+ rN+ Will+ Str+6}
  8822 | D        | Got the ring "Tuykal" {*Corrode Str+3 Int+6 Dex+7}
  8825 | D        | Got the ring "Lumed" {Fire rPois rN+++ Dex-2}
  8828 | D        | Got the ring "Jyiff" {Fire rPois rN+ Str+3 SInv}
  8831 | D        | Got the ring of Kekada {rF+ Str+6}
  8948 | D        | Found the +10 zealot's sword {holy, *Rage rN+ EV+3}
  8948 | D        | Noticed Louise
  9026 | D        | Killed Louise
  9062 | D        | Identified the +5 long sword of True Grit {vorpal, Int-3
                  | Dex+4}
  9219 | D        | Got the Handbook of the Snowflakes and Moulding
  9227 | D        | Got a silver rune of Zot
  9240 | D        | Got the ring of Jecant {Fly Will- Int+7 Stlth+}
  9438 | D        | Noticed the 27-headed Lernaean hydra
  9438 | D        | Noticed a titan
  9441 | D        | Killed the 27-headed Lernaean hydra
  9441 | D        | Killed a titan
  9442 | D        | Gained mutation: You are mostly covered in icy blue scales.
                  | (AC +3) [demonic ancestry]
  9442 | D        | Reached XP level 17. HP: 160/160 MP: 30/34
  9475 | D        | Noticed a curse toe
  9487 | D        | Killed a curse toe
  9594 | D        | Noticed a titan
  9594 | D        | Noticed a deep elf master archer
  9603 | D        | Noticed Mennas
  9613 | D        | Killed a deep elf master archer
  9613 | D        | Killed a titan
  9615 | D        | Killed Mennas
  9672 | D        | Noticed Mara
  9681 | D        | Killed Mara
  9729 | D        | Noticed a golden dragon
  9730 | D        | Noticed a titan
  9735 | D        | Killed a titan
  9735 | D        | Killed a golden dragon
  9744 | D        | Reached XP level 18. HP: 159/175 MP: 35/35
  9752 | D        | Got the ring "Beusyot" {Fly rF+++ rC- rN+ Dex+4}
  9755 | D        | Got the ring "Enniowuat" {rC++ rCorr Slay+3}
  9758 | D        | Got the ring "Ustryk" {rF- Will++ AC+4 Str-5 Dex+10}
  9761 | D        | Got the amulet of Liygajakh {RegenMP +Blink Int+4}
  9764 | D        | Got the ring "Rosib" {Fire *Corrode rN+++ Slay+3}
  9767 | D        | Got the ring of Afig {rPois rC+}
  9770 | D        | Got the ring "Hiapsy Qeduf" {rC+ Str-4 Int+6 Dex+4 SInv}
  9773 | D        | Got the amulet "Ges Fotzycann" {RegenMP rElec Int+3}
  9951 | D        | Learned a level 2 spell: Blink
  9955 | D        | Learned a level 3 spell: Lesser Beckoning
  9976 | D        | Noticed an Ice Fiend
  9985 | D        | Killed an Ice Fiend
 10122 | D        | Noticed an electric golem
 10130 | D        | Killed an electric golem
 10131 | D        | Reached skill level 10 in Shields
 10170 | D        | Noticed a royal mummy
 10170 | D        | Noticed a Brimstone Fiend
 10178 | D        | Killed a Brimstone Fiend
 10179 | D        | Reached skill level 15 in Shields
 10185 | D        | Killed a royal mummy
 10385 | D        | Noticed a tentacled monstrosity
 10391 | D        | Killed a tentacled monstrosity
 10464 | D        | Noticed an Orb Guardian
 10464 | D        | Noticed an Orb Guardian
 10464 | D        | Noticed an Orb Guardian
 10474 | D        | Killed an Orb Guardian
 10474 | D        | Noticed a tentacled monstrosity
 10474 | D        | Noticed an Orb Guardian
 10475 | D        | Killed an Orb Guardian
 10480 | D        | Killed an Orb Guardian
 10485 | D        | Killed a tentacled monstrosity
 10485 | D        | Killed an Orb Guardian
 10512 | D        | Noticed a curse toe
 10512 | D        | Noticed an Orb Guardian
 10539 | D        | Killed an Orb Guardian
 10591 | D        | Noticed a Tzitzimitl
 10617 | D        | Killed a curse toe
 10620 | D        | Killed a Tzitzimitl
 10623 | D        | Noticed a royal mummy
 10629 | D        | Killed a royal mummy
 10768 | D        | Noticed Nikola
 10768 | D        | Noticed an Orb Guardian
 10778 | D        | Killed an Orb Guardian
 10794 | D        | Killed Nikola
 10824 | D        | Noticed an Orb Guardian
 10828 | D        | Noticed Dissolution
 10844 | D        | Killed an Orb Guardian
 10845 | D        | Gained mutation: Your magical and physical power is
                  | slightly enhanced at high health. [demonic ancestry]
 10845 | D        | Reached XP level 19. HP: 152/183 MP: 36/36
 10873 | D        | Killed Dissolution
 10883 | D        | Reached skill level 5 in Evocations
 10886 | D        | Noticed a Brimstone Fiend
 10892 | D        | Killed a Brimstone Fiend
 10927 | D        | Reached skill level 27 in Invocations
 10942 | D        | Noticed a Tzitzimitl
 10950 | D        | Noticed a royal mummy
 10951 | D        | Noticed an ancient lich
 10955 | D        | Killed a royal mummy
 10957 | D        | Noticed Khufu
 10958 | D        | Killed an ancient lich
 10958 | D        | Killed a Tzitzimitl
 10966 | D        | Noticed an orb of fire
 10971 | D        | Noticed a royal mummy
 10983 | D        | Killed Khufu
 10986 | D        | Gained mutation: You tend to lose your temper in combat.
                  | [an orb of fire]
 10989 | D        | Gained mutation: Your spells are a little easier to cast,
                  | but a little less powerful. [an orb of fire]
 10990 | D        | Killed an orb of fire
 10991 | D        | Reached skill level 27 in Fighting
 10991 | D        | Killed a royal mummy
 11000 | D        | Noticed an electric golem
 11008 | D        | Reached skill level 15 in Evocations
 11122 | D        | Killed an electric golem
 11135 | D        | Noticed a Killer Klown
 11135 | D        | Noticed an electric golem
 11147 | D        | Killed an electric golem
 11149 | D        | Killed a Killer Klown
 11150 | D        | Reached skill level 27 in Armour
 11150 | D        | Gained mutation: You have a pair of large antennae on your
                  | head. (SInv) [demonic ancestry]
 11150 | D        | Reached XP level 20. HP: 178/197 MP: 11/37
 11167 | D        | Noticed Margery
 11175 | D        | Killed Margery
 11176 | D        | Reached skill level 27 in Dodging
 11329 | D        | Noticed a royal mummy
 11347 | D        | Killed a royal mummy
 11442 | D        | Noticed a pearl dragon
 11466 | D        | Killed a pearl dragon
 11522 | D        | Noticed an orb of fire
 11535 | D        | Gained mutation: Your body sometimes deteriorates upon
                  | taking damage. [an orb of fire]
 11541 | D        | Gained mutation: You sometimes lose the ability to read
                  | scrolls when taking damage. [an orb of fire]
 11550 | D        | Gained mutation: You occasionally shout uncontrollably at
                  | your foes. [an orb of fire]
 11551 | D        | Gained mutation: You are clumsy. (Dex -2) [an orb of fire]
 11557 | D        | Gained mutation: You are somewhat resistant to further
                  | mutation. [an orb of fire]
 11559 | D        | Killed an orb of fire
 11628 | D        | Lost mutation: Your spells are a little easier to cast, but
                  | a little less powerful. [potion of mutation]
 11628 | D        | Lost mutation: Your body sometimes deteriorates upon taking
                  | damage. [potion of mutation]
 11723 | D        | Learned a level 9 spell: Shatter
 11804 | D        | Noticed a curse toe
 11817 | D        | Killed a curse toe
 11881 | D        | Noticed Geryon
 11881 | D        | Noticed Cuhyd the pandemonium lord
 11881 | D        | Noticed a Killer Klown
 11884 | D        | Noticed an ancient lich
 11886 | D        | Killed a Killer Klown
 11887 | D        | Reached skill level 10 in Earth Magic
 11887 | D        | Noticed a Killer Klown
 11893 | D        | Noticed a royal mummy
 11894 | D        | Killed an ancient lich
 11895 | D        | Reached XP level 21. HP: 146/204 MP: 16/38
 11912 | D        | Killed Cuhyd the pandemonium lord
 11914 | D        | Killed Geryon
 11915 | D        | Killed a royal mummy
 11918 | D        | Killed a Killer Klown
 12083 | D        | Got the amulet "Esuenwe" {Faith rCorr Str-2 Int+5 Dex-2}
 12086 | D        | Got the amulet of Xom's Malicious Joy {Acrobat Int+2 Dex+5}
 12090 | D        | Got the amulet "Fapudwio" {Spirit +Blink rElec Will+ MP-9}
 12125 | D        | Noticed Ignacio
 12135 | D        | HP: 2/204 [Ignacio (12)]
 12135 | D        | Mangled by Ignacio

Illustrated notes

Levels and vault maps discovered:
D:        pitsprint [storerooms_1, entrance_room_1, metal_vault_7, armoury_1,
          mini_pit_1, grid_room_1, main_hall_1, silver_pit, the_coven_3,
          the_vestibule_1, steel_vault_4, golden_pit, hallway_of_sentries,
          crystal_vault_4, iron_vault_1, final_vault]

Skill      XL: |  1  2  3  4  5  6  7  8  9 10 11 12 13 14 15 16 17 18 19 20 21 |
---------------+----------------------------------------------------------------+-----
Axes           | 8 9 10 11 13 14 15 16 17 18 21 24 | 24.9
Invocations    | 3 6 8 10 11 13 15 18 19 21 23 26 27 | 27.0
Armour         | 4 5 7 8 9 11 13 14 16 17 21 24 27 | 27.0
Fighting       | 5 6 8 9 11 12 14 15 17 19 22 24 25 27 | 27.0
Translocations | 4 8 11 15 16 19 | 19.6
Shields        | 3 4 24 25 | 25.0
Dodging        | 16 18 20 23 26 27 | 27.0
Spellcasting   | 10 | 10.0
Evocations     | 16 26 | 26.1
Earth Magic    | 14 22 | 22.6
Throwing       | |  1.7

Action                   |  1- 3 |  4- 6 |  7- 9 | 10-12 | 13-15 | 16-18 | 19-21 || total
-------------------------+-------+-------+-------+-------+-------+-------+-------++-------
Melee: War axe           |     2 |    69 |    36 |       |       |       |       ||   107
       Broad axe         |       |       |     9 |   104 |   299 |   330 |   298 ||  1040
Throw: Throwing net      |       |       |       |     1 |       |       |       ||     1
 Cast: Manifold Assault  |       |       |       |       |     2 |     1 |    16 ||    19
       Blink             |       |       |       |       |       |       |     1 ||     1
Invok: Upheaval          |       |     1 |    12 |    52 |   111 |    54 |    18 ||   248
       Disaster Area     |       |       |       |       |     2 |     3 |     3 ||     8
       Elemental Force   |       |       |       |       |     1 |     1 |       ||     2
Evoke: Horn of Geryon    |       |       |       |       |       |       |     1 ||     1
  Use: Potion            |       |     6 |     1 |     8 |    10 |     2 |     8 ||    35
       Scroll            |       |       |       |     1 |     5 |     7 |       ||    13
 Stab: Invisible         |       |     4 |       |     1 |       |       |       ||     5
       Confused          |       |       |       |     1 |       |       |       ||     1
       Held in net/web   |       |       |       |     1 |       |       |       ||     1
       Distracted        |       |       |       |       |     1 |       |       ||     1
       Petrified         |       |       |       |       |     7 |       |       ||     7
       Petrifying        |       |       |       |       |     4 |       |       ||     4
       Paralysed         |       |       |       |       |    11 |       |       ||    11
Armor: Chain mail        |       |    15 |    21 |    70 |    33 |       |       ||   139
       Leather armour    |       |     1 |       |       |       |       |       ||     1
       Fire dragon scale |       |       |       |       |    54 |       |       ||    54
       Gold dragon scale |       |       |       |       |    18 |   117 |    47 ||   182
Dodge: Dodged            |       |    20 |    14 |    41 |   118 |   133 |   102 ||   428
       Repelled          |       |       |       |       |     8 |     6 |     8 ||    22
Block: Other             |       |    12 |    16 |    45 |    19 |       |       ||    92
       Buckler           |       |       |       |       |   119 |   160 |       ||   279
       Tower shield      |       |       |       |       |       |    14 |   349 ||   363

Table legend: (Time is in decaauts) A = Elapsed time spent in this place. B = Non-inter-level travel time spent in this place. C = Inter-level travel time spent in this place. D = Time resting spent in this place. E = Time spent auto-exploring this place. F = Levels seen in this place. G = Mean time per level. A B C D E F G +--------+--------+--------+--------+--------+-----+--------+ Total | 11871 | 11504 | 367 | 6337 | 0 | 1 | 11871.0 | Dungeon | 11871 | 11504 | 367 | 6337 | 0 | 1 | 11871.0 | +--------+--------+--------+--------+--------+-----+--------+

Top non-repeatable levels by time:
       D: 11871 daAuts
